[Event "Titled Tuesday Blitz April 25 Early 2023"]
[White "Gatterer, Florian"]
[Black "Tsyhanchuk, Stanislav"]
[WhiteFideId "811688"]
[BlackFideId "13505130"]
[WhiteElo "2221"]
[BlackElo "2173"]
[Result "1-0"]
[Round "07"]
[TimeControl "180+2"]
[Date "2023.04.25"]
[WhiteClock "0:00:20"]
[BlackClock "0:00:08"]

1. b3 c5 2. c4 Nc6 3. Bb2 e6 4. Nf3 d5 5. cxd5 exd5 6. d4 Nf6 7. Nc3 b6 8. e3 Bb7 9. Bb5 Be7 10. Ne5 Rc8 11. O-O O-O 12. Bxc6 Bxc6 13. Nxc6 Rxc6 14. dxc5 bxc5 15. Rc1 Qd7 16. Qf3 Rd8 17. Rfd1 Re6 18. g3 h5 19. h4 d4 20. Ne2 d3 21. Nf4 Rd6 22. Rxc5 d2 23. Rc2 g6 24. Bd4 Rxd4 25. exd4 Qxd4 26. Rcxd2 Qxd2 27. Rxd2 Rxd2 28. Qa8+ Kg7 29. Qxa7 Rd7 30. Qb6 Ng4 31. Qc6 Rd1+ 32. Kg2 Bf6 33. Nd5 Bd4 34. Ne3 Bxe3 35. fxe3 Rd2+ 36. Kf1 Rxa2 37. Qc3+ Kh7 38. e4 Ra7 39. b4 Re7 40. b5 Rxe4 41. b6 Ne3+ 42. Kg1 Nd5 43. Qc6 Re1+ 44. Kf2 Rd1 45. b7 Rd2+ 46. Ke1 Rb2 47. Qxd5 Rb1+ 48. Kd2 Rb2+ 49. Kc3 Rb6 50. Qxf7+ Kh6 51. Qc7 Rb1 52. b8=Q Rc1+ 53. Kd2 Rxc7 54. Qxc7 g5 55. Qd6+ Kg7 56. hxg5 h4 57. Qf6+ Kg8 58. g6 h3 59. Qf7+ Kh8 60. Qh7# 1-0


[Site "https://www.chess.com"]

[Event "Titled Tuesday Blitz April 25 Early 2023"]
[White "Nery Junior, Jose Antonio"]
[Black "Bas Mas, Jose Joaquin"]
[WhiteFideId "2104822"]
[BlackFideId "22219064"]
[WhiteElo "2197"]
[BlackElo "2233"]
[Result "0-1"]
[Round "07"]
[TimeControl "180+2"]
[Date "2023.04.25"]
[WhiteClock "0:00:01"]
[BlackClock "0:00:07"]

1. e4 Nf6 2. e5 Nd5 3. Nc3 Nxc3 4. dxc3 d6 5. Bc4 g6 6. Nf3 Bg7 7. exd6 cxd6 8. O-O O-O 9. h3 Nc6 10. Re1 a6 11. Bg5 Re8 12. Qd5 Rf8 13. Rad1 Qc7 14. Qd2 Re8 15. Re2 Na5 16. Bd5 e6 17. Bb3 d5 18. Bxd5 Bd7 19. Bxb7 Qxb7 20. Qxd7 Qxb2 21. Qc7 Qxc3 22. Rd7 Qxc7 23. Rxc7 Rec8 24. Rd7 h6 25. Bh4 Nc4 26. Nd4 Rab8 27. Nb3 a5 28. a4 Rb4 29. Ra7 Rxa4 30. Bg3 Ra2 31. Kh2 a4 32. Na5 Nxa5 33. Rxa5 a3 34. Rd2 g5 35. Ra7 Raxc2 36. Rxc2 Rxc2 37. Rxa3 Kh7 38. Ra7 Kg6 39. h4 g4 40. Ra5 f5 41. Rb5 Bf6 42. Rb6 f4 43. Bxf4 Rxf2 0-1


[Site "https://www.chess.com"]

[Event "Titled Tuesday Blitz April 25 Early 2023"]
[White "Grossboss19"]
[Black "Kopczynski, Michal"]
[BlackFideId "1124200"]
[WhiteElo "2259"]
[BlackElo "2212"]
[Result "1-0"]
[Round "07"]
[TimeControl "180+2"]
[Date "2023.04.25"]
[WhiteClock "0:00:03"]
[BlackClock "0:00:02"]

1. e4 c5 2. Nf3 d6 3. d4 cxd4 4. Nxd4 Nf6 5. Nd2 g6 6. c3 Bg7 7. Bd3 O-O 8. O-O Nc6 9. Re1 e5 10. N4f3 Ne8 11. Bc4 Kh8 12. Nf1 h6 13. g3 f5 14. Nh4 Kh7 15. exf5 gxf5 16. Ne3 Ne7 17. Nd5 Nxd5 18. Qxd5 Bd7 19. Qd3 e4 20. Rxe4 Bf6 21. Rf4 Bg5 22. Rxf5 Bxf5 23. Nxf5 Kh8 24. f4 Bf6 25. Nxh6 Qe7 26. Bd2 Qh7 27. Nf5 Qxf5 28. Qxf5 Bd4+ 29. cxd4 Rxf5 30. Re1 d5 31. Bd3 Rf7 32. Re5 Rd8 33. f5 Nf6 34. Bg5 Rdd7 35. h3 Ne4 36. Bf4 Rfe7 37. g4 Rxe5 38. dxe5 Kg8 39. e6 Rd8 40. Bb5 Kf8 41. Bd7 Ke7 42. h4 Rh8 43. h5 Rg8 44. g5 Nxg5 45. Kf1 Ne4 46. h6 Rf8 47. h7 Rh8 48. Ke2 Rxh7 49. Ke3 Rh5 50. Bc8 Rxf5 51. Bb8 b6 52. Kd4 Rf2 53. Kxd5 Nf6+ 54. Ke5 Re2+ 55. Kf5 Rf2+ 56. Ke5 Re2+ 57. Kf5 Rxb2 58. Bxa7 Rf2+ 59. Ke5 Re2+ 60. Kf5 Rb2 61. a4 Rb4 62. Ke5 Ng4+ 63. Kd5 Nf6+ 64. Kc6 Rxa4 65. Bxb6 Re4 66. Bc5+ Ke8 67. Bd7+ Kd8 68. Bb6+ Ke7 69. Bc5+ Kd8 70. e7+ Rxe7 71. Bb6# 1-0


[Site "https://www.chess.com"]

[Event "Titled Tuesday Blitz April 25 Early 2023"]
[White "Petrova, Irina"]
[Black "Schut, Han"]
[WhiteFideId "14124122"]
[BlackFideId "1005561"]
[WhiteElo "2084"]
[BlackElo "2024"]
[Result "0-1"]
[Round "07"]
[TimeControl "180+2"]
[Date "2023.04.25"]
[WhiteClock "0:00:06"]
[BlackClock "0:00:07"]

1. e4 c5 2. Nf3 d6 3. Bb5+ Bd7 4. Bxd7+ Qxd7 5. O-O Nc6 6. Re1 Nf6 7. c3 e6 8. d4 cxd4 9. cxd4 d5 10. e5 Ne4 11. Nbd2 Nxd2 12. Bxd2 Be7 13. Rc1 O-O 14. a3 Rfc8 15. Rc3 Qd8 16. Rd3 Na5 17. Bc3 Nc4 18. h4 b5 19. h5 h6 20. Nh2 a5 21. Qg4 b4 22. Rg3 Bf8 23. axb4 axb4 24. Bxb4 Nxb2 25. Bxf8 Qxf8 26. Qf4 Kh7 27. Ng4 Nc4 28. Kh2 Ra3 29. Rxa3 Nxa3 30. Ra1 Ra8 31. Qf3 Kg8 32. Qg3 Kh7 33. Qd3+ Kg8 34. Ra2 Nc4 35. Rxa8 Qxa8 36. Qg3 Kh8 37. Qf4 Kg8 38. f3 Qd8 39. Kh3 Qg5 40. Qxg5 hxg5 41. Nf2 Nd2 42. Kg4 f6 43. exf6 gxf6 44. f4 gxf4 45. Kxf4 Nb3 46. Ke3 e5 47. dxe5 fxe5 48. Ng4 d4+ 49. Ke4 Nc5+ 50. Kxe5 d3 51. Ne3 d2 52. g4 Nd3+ 53. Kf6 Nf2 54. g5 Ng4+ 55. Kg6 Nxe3 56. h6 d1=Q 57. h7+ Kh8 58. Kf7 Qd4 59. g6 Qg7+ 60. Ke6 Qxg6+ 0-1


[Site "https://www.chess.com"]

[Event "Titled Tuesday Blitz April 25 Early 2023"]
[White "Belenkaya, Dina"]
[Black "Ramirez, Maria Eugenia"]
[WhiteFideId "24142654"]
[BlackFideId "3301680"]
[WhiteElo "2208"]
[BlackElo "1842"]
[Result "0-1"]
[Round "07"]
[TimeControl "180+2"]
[Date "2023.04.25"]
[WhiteClock "0:00:03"]
[BlackClock "0:00:50"]

1. d4 Nf6 2. Nf3 e6 3. g3 c5 4. c3 d5 5. Bg2 cxd4 6. cxd4 Nc6 7. Nc3 Bb4 8. O-O Bxc3 9. bxc3 O-O 10. Nd2 Qa5 11. c4 dxc4 12. Nxc4 Qc3 13. Nb2 Qxd4 14. Rb1 Rd8 15. Nd3 Nd5 16. Bb2 Qg4 17. Bf3 Qg6 18. Qb3 f6 19. Rfd1 Qf7 20. Nc5 b6 21. Ne4 Bb7 22. Rbc1 Na5 23. Qa4 Bc6 24. Qa3 Rac8 25. Nd6 Qg6 26. Nxc8 Rxc8 27. Bxd5 exd5 28. Qd3 Qf7 29. Qa6 Rd8 30. Bc3 Nc4 31. Bd4 Qd7 32. e4 Bb5 33. Qxb5 Qxb5 34. Be3 Nxe3 35. fxe3 Rd7 36. exd5 Rxd5 37. Rc8+ Kf7 38. Rc7+ Kg6 39. Rdc1 Rc5 40. R7xc5 bxc5 41. Rc2 Qd3 42. Rf2 Qxe3 43. Kg2 c4 0-1


[Site "https://www.chess.com"]

[Event "Titled Tuesday Blitz April 25 Early 2023"]
[White "Coelho, Ramyres Santana"]
[Black "Topalov, Aleksandar"]
[WhiteFideId "2120690"]
[BlackFideId "925659"]
[WhiteElo "1888"]
[BlackElo "2151"]
[Result "0-1"]
[Round "07"]
[TimeControl "180+2"]
[Date "2023.04.25"]
[WhiteClock "0:00:21"]
[BlackClock "0:01:11"]

1. e4 e6 2. d4 d5 3. Nc3 Bb4 4. e5 Qd7 5. a3 Bxc3+ 6. bxc3 b6 7. a4 Ba6 8. Qg4 f5 9. Qh5+ Qf7 10. Qxf7+ Kxf7 11. Ne2 Ne7 12. Ba3 Nbc6 13. Nf4 Bxf1 14. Rxf1 Na5 15. Bxe7 Kxe7 16. Nd3 Nc4 17. Ra2 g5 18. Nb2 Na5 19. Kd2 Rac8 20. Kd3 c5 21. f4 h6 22. h3 Rhg8 23. fxg5 Rxg5 24. Rf2 cxd4 25. cxd4 Rg3+ 26. Kd2 Rcg8 27. Nd1 Rxg2 28. Kc3 R8g3+ 29. Kb4 Kd7 30. Kb5 Kc7 31. Ka6 Nc6 32. Rxg2 Rxg2 33. Rb2 Nxd4 34. Kxa7 Nc6+ 35. Ka6 Rg8 36. Rxb6 Ra8+ 37. Kb5 Ra5# 0-1


[Site "https://www.chess.com"]

[Event "Titled Tuesday Blitz April 25 Early 2023"]
[White "Singh, Arvinder Preet"]
[Black "Liu, Casper"]
[WhiteFideId "5013240"]
[BlackFideId "1454153"]
[WhiteElo "2124"]
[BlackElo "2221"]
[Result "0-1"]
[Round "07"]
[TimeControl "180+2"]
[Date "2023.04.25"]
[WhiteClock "0:01:44"]
[BlackClock "0:02:01"]

1. e4 e5 2. Nf3 Nc6 3. Bb5 a6 4. Ba4 b5 5. Bb3 Nh6 6. d4 exd4 7. Bxh6 gxh6 8. Nxd4 Qf6 9. Nxc6 dxc6 10. Nc3 Rg8 11. g3 Bc5 12. Qe2 Bg4 13. e5 Qf5 14. Qd2 Rd8 15. Qf4 Qxf4 16. gxf4 Bf3 17. Rf1 Rg2 18. Ne2 Be3 19. Rd1 Bxf2+ 20. Rxf2 Rxd1+ 21. Kxd1 Rxf2 22. Ke1 Rxe2+ 0-1


[Site "https://www.chess.com"]

[Event "Titled Tuesday Blitz April 25 Early 2023"]
[White "Floresvillar Gonzalez, Luis Migu"]
[Black "Mouhamad, Joachim"]
[WhiteFideId "5100542"]
[BlackFideId "656410"]
[WhiteElo "2040"]
[BlackElo "2125"]
[Result "0-1"]
[Round "07"]
[TimeControl "180+2"]
[Date "2023.04.25"]
[WhiteClock "0:00:01"]
[BlackClock "0:00:27"]

1. d4 d5 2. c3 Nf6 3. Bg5 Ne4 4. h4 c5 5. e3 Qb6 6. Qb3 c4 7. Qxb6 axb6 8. Nd2 Nxd2 9. Kxd2 Nc6 10. e4 e6 11. g3 b5 12. Bg2 dxe4 13. Bxe4 Be7 14. Bxe7 Nxe7 15. Ne2 Ra7 16. a3 Bd7 17. Nf4 Bc6 18. Rae1 O-O 19. Re2 Rd8 20. Bxc6 bxc6 21. Rhe1 c5 22. Re4 Rad7 23. Ne2 Nc6 24. Ke3 Ne7 25. Kf3 Nf5 26. dxc5 Rc7 27. Nd4 Rxc5 28. Nxf5 Rxf5+ 29. Kg2 Rd2 30. R1e2 Rfd5 31. Kf3 Rd1 32. R4e3 Kf8 33. g4 h5 34. g5 g6 35. Kg2 Ke7 36. f4 Kd6 37. Kf2 Rh1 38. Kg2 Rxh4 39. Rf2 Rd1 40. Ree2 Rhh1 0-1


[Site "https://www.chess.com"]

[Event "Titled Tuesday Blitz April 25 Early 2023"]
[White "Putri, Regita Desyari"]
[Black "Ansh M Shah"]
[WhiteFideId "7109083"]
[BlackFideId "25033379"]
[WhiteElo "1930"]
[BlackElo "2084"]
[Result "1-0"]
[Round "07"]
[TimeControl "180+2"]
[Date "2023.04.25"]
[WhiteClock "0:00:05"]
[BlackClock "0:00:03"]

1. d4 Nf6 2. c4 e6 3. Nf3 c5 4. d5 exd5 5. cxd5 d6 6. Nc3 g6 7. e4 Bg7 8. Be2 O-O 9. O-O Re8 10. Qc2 a6 11. a4 Nbd7 12. Bf4 Ne5 13. Nxe5 dxe5 14. Be3 b6 15. a5 bxa5 16. Na4 Bd7 17. Nxc5 Bb5 18. Bxb5 axb5 19. Nb7 Qd7 20. Nxa5 Bf8 21. Nc6 Rac8 22. Qd3 Rxc6 23. Qxb5 Rc7 24. Qd3 Rb7 25. Ra6 Bg7 26. b3 Reb8 27. Rb1 Qb5 28. Qxb5 Rxb5 29. h3 Nxe4 30. d6 Bf8 31. Rd1 Rd8 32. d7 Nc5 33. Ra7 Rb7 34. Rxb7 Nxb7 35. Bb6 Be7 36. Bxd8 Bxd8 37. Rd5 f6 38. Rb5 Nd6 39. Rb8 Nf7 40. b4 Kf8 41. b5 Ke7 42. b6 Nd6 43. Kf1 Kxd7 44. Ke2 Nc4 45. Rb7+ Kc6 46. Rxh7 Nxb6 47. h4 f5 48. g3 Kd5 49. Rg7 g5 50. h5 f4 51. gxf4 gxf4 52. h6 Bf6 53. Rf7 Bh8 54. Rf8 e4 55. Rxh8 Nc4 56. Rd8+ Ke5 57. h7 1-0


[Site "https://www.chess.com"]

[Event "Titled Tuesday Blitz April 25 Early 2023"]
[White "Sailer, Mike"]
[Black "Gutkin, Ilya"]
[WhiteFideId "2012901"]
[BlackFideId "16203470"]
[WhiteElo "2109"]
[BlackElo "2265"]
[Result "0-1"]
[Round "07"]
[TimeControl "180+2"]
[Date "2023.04.25"]
[WhiteClock "0:00:10"]
[BlackClock "0:00:13"]

1. d4 d5 2. Bg5 c5 3. e3 cxd4 4. exd4 Qb6 5. Nc3 e6 6. Bb5+ Bd7 7. a4 Bb4 8. Bxd7+ Nxd7 9. Ne2 Bxc3+ 10. Nxc3 h6 11. Bf4 a6 12. O-O Ngf6 13. a5 Qc6 14. Na4 O-O 15. b4 Ne4 16. Nc5 Rfc8 17. Qd3 Nd6 18. Bxd6 Qxd6 19. f4 Rc7 20. f5 e5 21. Qg3 Re8 22. Nxd7 Rxd7 23. f6 g6 24. Rae1 e4 25. Qh3 Kh7 26. Rf4 Qxf4 27. Qxd7 Rf8 28. Qxb7 e3 29. Qxd5 Qf2+ 0-1


[Site "https://www.chess.com"]

[Event "Titled Tuesday Blitz April 25 Early 2023"]
[White "littlepillow2010"]
[Black "Stanisz, Patryk"]
[BlackFideId "1123106"]
[WhiteElo "2362"]
[BlackElo "2069"]
[Result "0-1"]
[Round "07"]
[TimeControl "180+2"]
[Date "2023.04.25"]
[WhiteClock "0:00:07"]
[BlackClock "0:00:33"]

1. e4 c5 2. Nf3 Nc6 3. d4 cxd4 4. Nxd4 Nf6 5. Nc3 e5 6. Ndb5 d6 7. Bg5 a6 8. Na3 b5 9. Bxf6 gxf6 10. Nd5 Bg7 11. Bd3 Ne7 12. c4 f5 13. exf5 Nxd5 14. cxd5 e4 15. Bxe4 Bxb2 16. Nc2 Qa5+ 17. Ke2 O-O 18. Qd3 Re8 19. Kf3 Bd7 20. Rab1 Rac8 21. Kg4 Rxe4+ 22. Qxe4 Rc4 23. Qxc4 bxc4 24. Rxb2 Qxd5 25. Rb8+ Kg7 26. Ne3 Qe4+ 27. Kg3 d5 28. Re1 Qe5+ 29. f4 Qxb8 30. Kg4 d4 31. Nxc4 Bxf5+ 0-1


[Site "https://www.chess.com"]

[Event "Titled Tuesday Blitz April 25 Early 2023"]
[White "Silvestre, Christian"]
[Black "Hartikainen, Jarmo"]
[WhiteFideId "30956269"]
[BlackFideId "503134"]
[WhiteElo "2355"]
[BlackElo "2157"]
[Result "1-0"]
[Round "07"]
[TimeControl "180+2"]
[Date "2023.04.25"]
[WhiteClock "0:01:20"]
[BlackClock "0:00:01"]

1. Nf3 Nf6 2. d3 d5 3. g3 g6 4. Bg2 Bg7 5. O-O O-O 6. Re1 c5 7. Nbd2 Nc6 8. e4 dxe4 9. dxe4 e5 10. h3 h6 11. c3 Be6 12. Qe2 Qd7 13. Kh2 Rfd8 14. Nc4 Nh5 15. Nh4 Qd3 16. Ne3 Qxe2 17. Rxe2 Rd7 18. Nd5 Rad8 19. Be3 b6 20. Rd2 Bxd5 21. exd5 Ne7 22. c4 f5 23. g4 Nf4 24. gxf5 gxf5 25. Rg1 Nxg2 26. Rxg2 Kf7 27. f4 exf4 28. Bxf4 Bd4 29. Rde2 Rg8 30. Bxh6 Rxg2+ 31. Nxg2 Be5+ 32. Bf4 Bxf4+ 33. Nxf4 Ng6 34. Kg3 Nxf4 35. Kxf4 Rd6 36. Kxf5 Rh6 37. Re3 Rh4 38. b3 a6 39. Kg5 Rd4 40. h4 b5 41. Rc3 b4 42. Rf3+ Kg7 43. h5 Rd2 44. h6+ Kg8 45. Rg3 Rxa2 46. Kf6+ Kh8 47. d6 1-0


[Site "https://www.chess.com"]

[Event "Titled Tuesday Blitz April 25 Early 2023"]
[White "Fernandez Garcia, Gumersindo"]
[Black "Butolo, Alexandru-Mircea"]
[WhiteFideId "24516740"]
[BlackFideId "1261649"]
[WhiteElo "2093"]
[BlackElo "1861"]
[Result "1-0"]
[Round "07"]
[TimeControl "180+2"]
[Date "2023.04.25"]
[WhiteClock "0:01:08"]
[BlackClock "0:00:18"]

1. e4 c5 2. Nf3 Nc6 3. c3 Nf6 4. Bd3 d6 5. O-O g6 6. Bc2 Bg7 7. a3 O-O 8. d4 cxd4 9. cxd4 e5 10. Nc3 Bg4 11. d5 Nd4 12. Be3 Nxf3+ 13. gxf3 Bh3 14. Re1 Nh5 15. Bd3 Qh4 16. Bf1 Bxf1 17. Rxf1 Nf4 18. Bxf4 Qxf4 19. Qd3 f5 20. Ne2 fxe4 21. fxe4 Qg4+ 22. Ng3 h5 23. f3 Qg5 24. Kh1 h4 25. Ne2 Qh5 26. Rf2 Bh6 27. Raf1 Bf4 28. Rg2 Kh7 29. Rfg1 g5 30. Nxf4 Rxf4 31. Rxg5 Qxf3+ 32. Qxf3 Rxf3 33. Rh5# 1-0


[Site "https://www.chess.com"]

[Event "Titled Tuesday Blitz April 25 Early 2023"]
[White "Steenbekkers, Franck"]
[Black "Zavortink, Matt"]
[WhiteFideId "1004220"]
[BlackFideId "2034263"]
[WhiteElo "2120"]
[BlackElo "2464"]
[Result "0-1"]
[Round "07"]
[TimeControl "180+2"]
[Date "2023.04.25"]
[WhiteClock "0:00:01"]
[BlackClock "0:00:06"]

1. e4 e6 2. d4 d5 3. Nd2 Be7 4. Ngf3 Nf6 5. e5 Nfd7 6. Bd3 c5 7. c3 Nc6 8. O-O a5 9. a4 O-O 10. Re1 f6 11. exf6 Nxf6 12. Nf1 cxd4 13. cxd4 Bd7 14. Ng3 Qb6 15. Be3 Rac8 16. Ne5 Bd6 17. f4 Nb4 18. Bb1 Rc7 19. Nh5 Be8 20. Nxf6+ gxf6 21. Nf3 Rg7 22. Kh1 Kh8 23. f5 Rfg8 24. Nh4 Qc7 25. Bh6 Re7 26. Rxe6 Rxe6 27. fxe6 Bxh2 28. Qf3 Qe7 29. Kxh2 Qxe6 30. Bf5 Qd6+ 31. Bf4 Qc6 32. Re1 Bf7 33. Qh3 Qb6 34. Re7 Rg7 35. Rxf7 Rxf7 36. Ng6+ Kg8 37. Be6 hxg6 38. Bxf7+ Kxf7 39. Qh7+ Kf8 40. Bh6+ Ke8 41. Qxg6+ Kd7 42. Bg7 Qxd4 43. Bxf6 Qf4+ 0-1


[Site "https://www.chess.com"]

[Event "Titled Tuesday Blitz April 25 Early 2023"]
[White "Zaichenko, Daria"]
[Black "Lach, Aleksandra"]
[WhiteFideId "4197453"]
[BlackFideId "1134299"]
[WhiteElo "2039"]
[BlackElo "2111"]
[Result "1-0"]
[Round "07"]
[TimeControl "180+2"]
[Date "2023.04.25"]
[WhiteClock "0:01:03"]
[BlackClock "0:00:24"]

1. e4 e5 2. Nf3 Nc6 3. Bc4 Bc5 4. d3 Nf6 5. c3 O-O 6. O-O d6 7. Bb3 a5 8. Nbd2 b5 9. Re1 a4 10. Bc2 Ng4 11. Re2 f5 12. h3 Nh6 13. d4 Bb6 14. dxe5 dxe5 15. exf5 Bxf5 16. Bxf5 Nxf5 17. Qc2 Nh4 18. Nxh4 Qxh4 19. Nf3 Rxf3 20. gxf3 Qg3+ 21. Kf1 Qxh3+ 22. Kg1 Qg3+ 23. Kf1 Qh3+ 24. Kg1 Rd8 25. Be3 Rd6 26. Bxb6 cxb6 27. Re4 Qxf3 28. Re3 Rg6+ 29. Qxg6 1-0


[Site "https://www.chess.com"]

[Event "Titled Tuesday Blitz April 25 Early 2023"]
[White "Tymrakiewicz, Rafal"]
[Black "Chirivi C, Jenny Astrid"]
[WhiteFideId "1108832"]
[BlackFideId "4403061"]
[WhiteElo "2151"]
[BlackElo "2001"]
[Result "0-1"]
[Round "07"]
[TimeControl "180+2"]
[Date "2023.04.25"]
[WhiteClock "0:00:01"]
[BlackClock "0:00:18"]

1. d4 Nf6 2. Bg5 e6 3. Nd2 h6 4. Bh4 c5 5. e3 Nc6 6. c3 Qb6 7. Nc4 Qc7 8. Bg3 d6 9. dxc5 Ne5 10. Nxd6+ Bxd6 11. Qxd6 Qxd6 12. cxd6 Nc6 13. Nf3 Ne4 14. Bd3 Nxg3 15. hxg3 Bd7 16. O-O-O O-O-O 17. Rd2 e5 18. Rhd1 Be6 19. Be4 f6 20. Kb1 Na5 21. b3 b6 22. Nh4 Kb8 23. Bf5 Bf7 24. g4 Nb7 25. Bg6 Be6 26. Nf5 Rd7 27. f3 Rhd8 28. Ne7 Rxd6 29. Nc6+ Rxc6 30. Rxd8+ Nxd8 31. Rxd8+ Kc7 32. Rd3 Rd6 33. Rxd6 Kxd6 34. Kb2 Kc5 35. Bd3 a5 36. a3 Bd7 37. b4+ axb4 38. cxb4+ Kd5 39. Kc3 Be8 40. Kb3 Kd6 41. a4 Bf7+ 42. Bc4 Be8 43. a5 bxa5 44. bxa5 Kc5 45. a6 Kb6 46. Kb4 Bc6 47. Bd3 Bd5 48. Be2 Bc6 49. Kc3 Kc5 50. Bd3 Ba8 51. Be2 Bc6 52. Bc4 Kb6 0-1


[Site "https://www.chess.com"]

[Event "Titled Tuesday Blitz April 25 Early 2023"]
[White "Kohler, Aran"]
[Black "Tarasova, Viktoriya"]
[WhiteFideId "1002856"]
[BlackFideId "4175840"]
[WhiteElo "2285"]
[BlackElo "2182"]
[Result "0-1"]
[Round "07"]
[TimeControl "180+2"]
[Date "2023.04.25"]
[WhiteClock "0:00:09"]
[BlackClock "0:00:13"]

1. Nh3 e5 2. f3 d5 3. Nf2 Nf6 4. g3 Bc5 5. e3 O-O 6. d3 a5 7. Bg2 Nc6 8. O-O a4 9. c3 Re8 10. Kh1 Ne7 11. Re1 c6 12. Nd2 b5 13. d4 exd4 14. cxd4 Bd6 15. e4 Bb4 16. e5 Nd7 17. a3 Ba5 18. Rg1 Nb6 19. f4 Nf5 20. Nf3 Nc4 21. b4 axb3 22. Qxb3 Bb6 23. Bb2 Nfe3 24. Rae1 Bf5 25. Rxe3 Nxe3 26. Qxe3 Qe7 27. g4 Bd7 28. f5 c5 29. dxc5 Bxc5 30. Bd4 Bxd4 31. Qxd4 Rxa3 32. Qxd5 Rc8 33. Nd4 b4 34. Ne4 Rd3 35. Bf1 Re3 36. Nd6 Rf8 37. Bc4 Rxe5 38. Nxf7 Rxd5 39. Bxd5 Rxf7 40. g5 Qd6 41. Bxf7+ Kxf7 42. g6+ Kg8 43. Nf3 Bc6 44. Rf1 hxg6 45. fxg6 Qxg6 46. Rf2 b3 47. h4 Qg3 0-1


[Site "https://www.chess.com"]

[Event "Titled Tuesday Blitz April 25 Early 2023"]
[White "Prieto Aranguren, Alain"]
[Black "Kalajzic, Ivan"]
[WhiteFideId "2268906"]
[BlackFideId "14506378"]
[WhiteElo "2209"]
[BlackElo "2203"]
[Result "1-0"]
[Round "07"]
[TimeControl "180+2"]
[Date "2023.04.25"]
[WhiteClock "0:00:57"]
[BlackClock "0:01:33"]

1. d4 Nc6 2. d5 Ne5 3. Nf3 Nxf3+ 4. exf3 e6 5. dxe6 fxe6 6. Bd3 Nf6 7. Bg5 Be7 8. Nd2 O-O 9. c3 Nd5 10. Bxe7 Qxe7 11. Qc2 g6 12. h4 Nf4 13. Bf1 b6 14. g3 Nh5 15. Bd3 Bb7 16. O-O-O Bxf3 17. Nxf3 Rxf3 18. Be4 Raf8 19. Bxf3 Rxf3 20. Qe2 Rf7 21. Rd2 d6 22. Re1 e5 23. Qe4 Qf8 24. Ree2 a5 25. Qd5 Nf6 26. Qe6 Kg7 27. a3 h5 28. Kb1 Ng4 29. Ka2 Rf6 30. Qd7+ Qf7+ 31. Qxf7+ Kxf7 32. Kb3 Rf3 33. Kc4 Ke6 34. Kb5 Nf6 35. Kc6 Ne8 36. Re3 Rf7 37. f4 Ng7 38. fxe5 dxe5 39. Rde2 Rf5 40. Kxc7 b5 41. Kb6 b4 42. cxb4 axb4 43. a4 Rf8 44. a5 Nf5 45. Rxe5+ Kf6 46. Rxf5+ gxf5 47. a6 Rg8 48. a7 1-0


[Site "https://www.chess.com"]

[Event "Titled Tuesday Blitz April 25 Early 2023"]
[White "Luukkonen, Tommi"]
[Black "Bueno, Alfeu Junior Varela"]
[WhiteFideId "501808"]
[BlackFideId "2108879"]
[WhiteElo "2296"]
[BlackElo "2175"]
[Result "1-0"]
[Round "07"]
[TimeControl "180+2"]
[Date "2023.04.25"]
[WhiteClock "0:00:46"]
[BlackClock "0:01:28"]

1. e4 e6 2. d4 d5 3. e5 c5 4. c3 Nc6 5. Nf3 Bd7 6. Be2 Nge7 7. Na3 Nf5 8. Nc2 Rc8 9. O-O cxd4 10. cxd4 Nb4 11. Nxb4 Bxb4 12. a3 Be7 13. Kh1 O-O 14. g4 Nh4 15. Nxh4 Bxh4 16. Bd3 f6 17. f4 fxe5 18. dxe5 Be7 19. f5 Bg5 20. Qf3 Qe7 21. Bxg5 Qxg5 22. Rae1 Rf7 23. Rf2 Rcf8 24. Ref1 h5 25. gxh5 exf5 26. Rg1 Qh6 27. Rg6 Qh7 28. e6 Bxe6 29. Rxe6 Qh6 30. Rxh6 1-0


[Site "https://www.chess.com"]

[Event "Titled Tuesday Blitz April 25 Early 2023"]
[White "mjelcic"]
[Black "Rudzinska, Michalina"]
[BlackFideId "1172883"]
[WhiteElo "2209"]
[BlackElo "2219"]
[Result "1-0"]
[Round "07"]
[TimeControl "180+2"]
[Date "2023.04.25"]
[WhiteClock "0:00:09"]
[BlackClock "0:00:07"]

1. c4 e5 2. Nc3 Nc6 3. g3 g6 4. Bg2 Bg7 5. e4 d6 6. Nge2 Nge7 7. d3 O-O 8. O-O Be6 9. f4 Qd7 10. Nd5 Rac8 11. Be3 Bh3 12. Qd2 Bxg2 13. Kxg2 Nxd5 14. cxd5 Nd4 15. Bxd4 exd4 16. Rac1 c5 17. dxc6 bxc6 18. Rc4 c5 19. Rfc1 f5 20. b4 fxe4 21. dxe4 Qb7 22. Qd3 cxb4 23. Rxc8 Rxc8 24. Rxc8+ Qxc8 25. Nxd4 Qc5 26. Qb3+ Kh8 27. Ne6 Qc6 28. Qxb4 h6 29. Kf3 d5 30. Nxg7 dxe4+ 31. Qxe4 Qc3+ 32. Qe3 Qc6+ 33. Kg4 h5+ 34. Kg5 Kxg7 35. Qe5+ Kh7 36. Qe7+ Kg8 37. Kh6 g5+ 38. Kxg5 Qd5+ 39. f5 Qd2+ 40. Kg6 Qd4 41. Qf7+ Kh8 42. Qh7# 1-0


[Site "https://www.chess.com"]

[Event "Titled Tuesday Blitz April 25 Early 2023"]
[White "TigranHH"]
[Black "Ciuffoletti, Paolo"]
[BlackFideId "807630"]
[WhiteElo "2319"]
[BlackElo "2143"]
[Result "1-0"]
[Round "07"]
[TimeControl "180+2"]
[Date "2023.04.25"]
[WhiteClock "0:01:35"]
[BlackClock "0:00:13"]

1. d4 d5 2. c4 c6 3. Nc3 Nf6 4. Nf3 dxc4 5. a4 e6 6. e4 Bb4 7. e5 Nd5 8. Qc2 b5 9. Bd2 Bxc3 10. bxc3 O-O 11. Ng5 f5 12. exf6 Nxf6 13. Be2 h6 14. Ne4 Nxe4 15. Qxe4 Qd5 16. Bf3 bxa4 17. Qg6 Qf5 18. Qg3 Kh8 19. O-O Nd7 20. Rfe1 Nf6 21. Bxc6 Rb8 22. Qxb8 Ng4 23. Bf3 1-0


[Site "https://www.chess.com"]

[Event "Titled Tuesday Blitz April 25 Early 2023"]
[White "Tarnowska, Aleksandra"]
[Black "Della Corte, Alessandro"]
[WhiteFideId "1180967"]
[BlackFideId "813540"]
[WhiteElo "1776"]
[BlackElo "2205"]
[Result "1-0"]
[Round "07"]
[TimeControl "180+2"]
[Date "2023.04.25"]
[WhiteClock "0:02:03"]
[BlackClock "0:02:16"]

1. e4 e5 2. Nf3 Nf6 3. Nxe5 d6 4. Nf3 Nxe4 5. c3 Be7 6. Qa4+ Nc6 7. Qxe4 O-O 8. Be2 Re8 9. Qc2 Bf6 10. d4 Qe7 11. Be3 g6 12. O-O Bf5 13. Qd2 a6 14. Na3 b5 15. Nc2 Bg7 16. Nce1 Qf8 17. Nd3 Re7 18. Rfe1 Rae8 19. Nf4 Bh6 20. Nd5 Rxe3 21. fxe3 Be4 22. Nf6+ Kg7 23. Nxe8+ Qxe8 24. Bd3 Bxf3 25. gxf3 Qe7 1-0


[Site "https://www.chess.com"]

[Event "Titled Tuesday Blitz April 25 Early 2023"]
[White "Fuzesabonyilaci"]
[Black "White, John S."]
[BlackFideId "2502348"]
[WhiteElo "2315"]
[BlackElo "1995"]
[Result "0-1"]
[Round "07"]
[TimeControl "180+2"]
[Date "2023.04.25"]
[WhiteClock "0:01:19"]
[BlackClock "0:01:20"]

1. e4 e6 2. d4 d5 3. e5 c5 4. c3 Nc6 5. Nf3 Qb6 6. Be2 Bd7 7. O-O Nge7 8. Na3 cxd4 9. cxd4 Nf5 10. Nc2 Be7 11. Rb1 O-O 12. g4 Nh4 13. Nxh4 Bxh4 14. f4 Be7 15. Be3 f6 16. b4 Qd8 17. Qd3 fxe5 18. fxe5 Rxf1+ 19. Bxf1 Bg5 20. Bf2 Qf8 21. b5 Na5 22. Qc3 b6 23. Ne3 Qf4 24. h4 Rc8 25. Qd2 Be7 26. Kg2 Qe4+ 27. Kg1 Qxb1 0-1


[Site "https://www.chess.com"]

[Event "Titled Tuesday Blitz April 25 Early 2023"]
[White "Grave, Jacob Templen"]
[Black "Winkels, Marcel"]
[WhiteFideId "1542656"]
[BlackFideId "1003887"]
[WhiteElo "2189"]
[BlackElo "1900"]
[Result "0-1"]
[Round "07"]
[TimeControl "180+2"]
[Date "2023.04.25"]
[WhiteClock "0:00:01"]
[BlackClock "0:00:11"]

1. Nf3 Nf6 2. b3 g6 3. Bb2 Bg7 4. g3 c5 5. Bg2 O-O 6. O-O Nc6 7. c4 d5 8. cxd5 Nxd5 9. Bxg7 Kxg7 10. Qc2 Bf5 11. e4 Ndb4 12. Qc3+ Nd4 13. Nxd4 Qxd4 14. exf5 Qxc3 15. Nxc3 gxf5 16. Bxb7 Rad8 17. Rad1 e5 18. Rfe1 e4 19. f3 Rd7 20. a3 Nd3 21. Bc6 Rc7 22. Bd5 Nxe1 23. Rxe1 exf3 24. Bxf3 Rd8 25. Nd5 Rcd7 26. Re5 Kg6 27. d3 Rb8 28. Nf4+ Kf6 29. Rxc5 Rxb3 30. Rc6+ Kg7 31. Nh5+ Kf8 32. Nf4 Rxa3 33. Bd5 Ra4 34. Rf6 Rxf4 35. gxf4 Rxd5 36. Ra6 Rxd3 37. Rxa7 Rf3 0-1


[Site "https://www.chess.com"]